 Dungeon Crawl Stone Soup version 0.29-a0-1027-gcd8c55af63 (webtiles) character file.

Game seed: 12273058186699352243

436353 nucleargodhead the Impregnable (level 22, -7/232 HPs)
             Began as a Minotaur Berserker on Aug 12, 2022.
             Was the Champion of Trog.
             Mangled by a starflower (16 damage)
             ... on level 3 of the Abyss on Aug 13, 2022.
             The game lasted 02:40:30 (52422 turns).

nucleargodhead the Impregnable (MiBe)              Turns: 52422, Time: 02:40:32

Health: -7/232     AC: 24    Str: 31    XL:     22   Next: 62%
Magic:  16/18      EV: 16    Int:  4    God:    Trog [******]
Gold:   3434       SH:  0    Dex: 10    Spells: 21/21 levels left

rFire   . . .      SeeInvis +   v - +12 glaive of Prune {vorpal}
rCold   . . .      Faith    .   (shield currently unavailable)
rNeg    . . .      Spirit   .   C - +4 plate armour of Bad Feelings {Regen+ Slay+3 SInv}
rPois   +          Reflect  .   w - +1 hat of Baldness {rElec Will+ rCorr}
rElec   +          Harm     .   y - scarf {repulsion}
rCorr   +          Rampage  .   r - +0 pair of gloves
Will    ++++.      Rage     9%  J - +2 pair of boots
Stlth   ..........              R - amulet of regeneration
HPRegen 3.08/turn               Y - +4 ring of slaying
MPRegen 0.16/turn               U - ring of poison resistance

@: berserking, about to teleport, strong-willed, corroded, regenerating, repel
missiles, very quick
A: horns 2, retaliatory headbutt, thin skeletal structure 1, [berserk 2],
[clumsy 2], [deformed body], [frail 3], [low MP 1], [subdued magic 2]
}: 3/15 runes: decaying, abyssal, gossamer
a: Renounce Religion, Berserk, Trog's Hand, Brothers in Arms


You were on level 3 of the Abyss.
You worshipped Trog.
Trog was exalted by your worship.
You visited 7 branches of the dungeon, and saw 39 of its levels.
You visited the Abyss 1 time.
You visited 1 bazaar.

You collected 5001 gold pieces.
You spent 1567 gold pieces at shops.

Inventory:

Hand Weapons
 u - a +4 quarterstaff of chaos
 v - the +12 glaive of Prune (weapon) {vorpal}
   (You found it on level 12 of the Dungeon)

   It inflicts extra damage upon your enemies.
   It halves damage taken while paralysed, petrified or unconscious.
 E - a +7 vampiric demon trident
 W - the +8 great sword of the Evening {antimagic, rPois}
   (You bought it in a shop in a bazaar)

   It reduces the magical energy of the wielder, and disrupts the spells and
   magical abilities of those it strikes.
   Natural abilities and divine invocations are not affected.
   rPois:     It protects you from poison.
 Z - a +9 lajatang of flaming
Missiles
 s - 2 throwing nets (quivered)
Armour
 a - a +2 kite shield of reflection
 r - a +0 pair of gloves (worn)
 w - the +1 hat of Baldness (worn) {rElec Will+ rCorr}
   (You found it on level 4 of the Spider Nest)

   rElec:     It insulates you from electricity.
   rCorr:     It protects you from acid and corrosion.
   Will:      It increases your willpower.
 y - a scarf of repulsion (worn)
 C - the +4 plate armour of Bad Feelings (worn) {Regen+ Slay+3 SInv}
   (You found it on level 4 of the Vaults)

   Slay:      It affects your accuracy & damage with ranged weapons and melee
   (+3).
   SInv:      It lets you see invisible.
   Regen:     It increases your rate of health regeneration.
 J - a +2 pair of boots (worn)
 L - a +4 crystal plate armour
 X - a scarf of shadows
Jewellery
 n - the ring of Boukos {Ice Slay+4}
   (You took it off Josephina on level 3 of the Depths)

   [ring of ice]

   It enhances your ice magic.
   Slay:      It affects your accuracy & damage with ranged weapons and melee
   (+4).
   rF:        It makes you vulnerable to fire.
   rC:        It protects you from cold.
 x - a ring of protection from cold
 D - the ring of Rodwysko {rC+ EV+4}
   (You found it on level 5 of the Dungeon)

   [ring of evasion]

   EV:        It affects your evasion (+4).
   rC:        It protects you from cold.
 F - an amulet of the acrobat
 Q - a +6 ring of strength
 R - an amulet of regeneration (around neck)
 U - a ring of poison resistance (right hand)
 V - a ring of flight
 Y - a +4 ring of slaying (left hand)
Wands
 f - a wand of roots (4)
 l - a wand of paralysis (35)
 A - a wand of digging (6)
 B - a wand of mindburst (32)
 G - a wand of flame (87)
 O - a wand of light (4)
 P - a wand of polymorph (29)
Scrolls
 c - 10 scrolls of identify
 g - 4 scrolls of brand weapon
 h - 11 scrolls of poison
 i - a scroll of blinking
 m - 6 scrolls of magic mapping
 o - 6 scrolls of fear
 q - 7 scrolls of teleportation
 I - 10 scrolls of fog
 M - 7 scrolls of immolation
 N - a scroll of silence
 T - 7 scrolls of summoning
Potions
 b - 15 potions of curing
 d - 8 potions of invisibility
 e - 10 potions of heal wounds
 j - 11 potions of mutation
 k - 9 potions of haste
 p - 6 potions of might
 t - 6 potions of attraction
 z - 7 potions of ambrosia
 H - 3 potions of magic
 K - 7 potions of resistance
 S - 7 potions of cancellation


   Skills:
 + Level 23.8 Fighting
 - Level 7.9 Long Blades
 - Level 18.2(20.0) Polearms
 - Level 14.0(17.9) Staves
 * Level 25.7 Armour
 * Level 23.8 Dodging
 - Level 2.4 Stealth


You had 21 spell levels left.
You didn't know any spells.
Your spell library was empty.

Dungeon Overview and Level Annotations

Branches:
Dungeon (15/15)            Temple (0/1) D:7            Lair (5/5) D:8
  Swamp (4/4) Lair:2       Spider (4/4) Lair:3        Slime (0/5) Lair:5
    Orc (2/2) D:11            Elf (0/3) Orc:2        Vaults (5/5) D:13
  Crypt (0/3) Vaults:2     Depths (4/4) D:15            Zot (0/5) Depths:4

Altars:
Ashenzari
Dithmenos
Fedhas
Kikubaaqudgha
Nemelex Xobeh
Okawaru
Ru
Uskayaw
Vehumet
Wu Jian
Xom
Yredelemnul
Jiyva
Lugonu

Shops:
D:3 [   D:10 :   D:14 !   Orc:2 **[!   Vaults:3 *!(?   Depths:2 *

Portals:
Hell: Depths:1 Depths:2 Depths:3 Depths:4
Abyss: Lair:5 Depths:1 Depths:3 Depths:4
Pandemonium: Depths:1 Depths:2 Depths:3
Ziggurat: Depths:4

Annotations:
D:6 exclusion: statue
D:8 6 transporters
D:15 Roxanne
Lair:1 exclusion: 2 oklob plants
Lair:5 4 runed translucent doors, Qatuann's ghost, journeyman TrBe
Swamp:4 2 transporters, GloriousHammer's ghost, journeyman FeSu; Lernaean hydra
Vaults:5 Xtahua
Depths:2 3 runed translucent doors, Sigur's ghost, adept FeVM


Innate Abilities, Weirdness & Mutations

You have a pair of horns on your head.
You reflexively headbutt those who attack you in melee.
You have a somewhat thin skeletal structure. (Dex +2, Stealth+)
[You have an uncontrollable temper.]
[You are very clumsy. (Dex -4)]
[Armour fits poorly on your strangely shaped body.]
[You are extremely frail. (-30% HP)]
[Your magical capacity is low. (-10% MP)]
[Your spells are easier to cast, but less powerful.]


Message History

Your urge to shout disappears.
You are too berserk!
You cut the wretched star into ribbons!!!
You headbutt the wretched star.
You destroy the wretched star!
Trog accepts your kill.
You slice the starcursed mass!!
You destroy the starcursed mass!
Trog accepts your kill.
You slice the starcursed mass!!
You destroy the starcursed mass!
Trog accepts your kill.
The starflower tentacle-slaps you but does no damage.
The starflower tentacle-slaps you from afar.
* * * LOW HITPOINT WARNING * * *
You slice the starcursed mass like a ripe choko!!!
You destroy the starcursed mass!
Trog accepts your kill.
The wretched star pulses with an eldritch light!
You cut the starcursed mass into ribbons!!!
You destroy the starcursed mass!
Trog accepts your kill.
The starflower tentacle-slaps you but does no damage. x2
The oklob plant spits acid at you. The splash of acid hits you. You resist.
* * * LOW HITPOINT WARNING * * *
The acid corrodes you!
A tentacle flies out from the starspawn's body!
The wretched star pulses with an eldritch light!
You feel frail.
A starspawn tentacle comes into view.
Unknown command.
You closely miss the wretched star. You hit the starcursed mass.
You headbutt the starcursed mass.
You destroy the starcursed mass!
Trog accepts your kill.
The starflower tentacle-slaps you from afar.
* * * LOW HITPOINT WARNING * * *
Space warps horribly around you!
You die...

#.. ''#########
.
###⌠'*#.#♣#.#8#
♣.##∩.*... ##
#⌠ .wwX♣X#.P# ♣
# .X#.#♣.##
♣.#♣.PXXXP.♣#
#⌠##.♣#.#w.## .
#PX#*♣.⌠..# .
##...@..∩##
#8#.#♣#P#⌠+
#########++


You could see 4 starcursed masses, 2 starflowers, 2 tentacled starspawn, 2
wretched stars, 3 oklob plants, 3 starspawn tentacles and a lurking horror.

Vanquished Creatures
  3 dread liches
  Mennas (Vaults:2)
  The ghost of Irilyjoq the Slayer, a legendary FoFi of Okawaru (Vaults:4)
  A juggernaut (Depths:3)
  Josephina (Depths:3)
  The ghost of Mycling the Warrior, a veteran DsFi of Okawaru (Vaults:4)
  Sojobo (Vaults:3)
  Bai Suzhen (Swamp:3)
  The ghost of Bigikkih the Severer, a veteran MiGl of the Shining One (Vaults:3)
  Saint Roka (Depths:3)
  13 caustic shrikes
  Jory (Vaults:1)
  3 golden dragons
  The ghost of Oleugihi the Stormcaller, an adept BaWr of Gozag (Vaults:3)
  Arachne (Spider:2)
  A bone dragon (Abyss:3)
  Zenata (Vaults:1)
  A tentacled monstrosity (Depths:3)
  Jorgrun (D:14)
  A walking earthen tome (Depths:3)
  A titan (Depths:3)
  2 walking crystal tomes (Depths:3)
  4 liches
  2 walking frostbound tomes (Depths:2)
  A quicksilver dragon (Depths:3)
  2 walking divine tomes (Depths:3)
  Asterion (Vaults:2)
  4 tentacled starspawn (Abyss:3)
  11 sphinxes
  3 storm dragons
  Kirke (Swamp:2)
  5 tengu reavers
  2 shadow dragons
  Donald (Vaults:4)
  2 fenstrider witches
  2 spectral caustic shrikes (Depths:4)
  Aizul (Spider:2)
  A balrug (Depths:2)
  8 ghost moths
  8 fire giants
  4 emperor scorpions
  12 frost giants
  Louise (Spider:1)
  A curse skull (Vaults:2)
  3 iron dragons
  9 vault wardens
  16 very ugly things
  A draconian stormcaller (Depths:4)
  10 ironbound thunderhulks
  11 ironbound preservers
  5 spriggan defenders
  A broodmother (Spider:4)
  A war gargoyle (Vaults:5)
  The ghost of Efal Ser the Devastator, a journeyman TeCj of Vehumet (D:12)
  A green draconian (Depths:4)
  19 stone giants
  A starflower (Abyss:3)
  A reaper (Depths:3)
  2 vampire knights (Depths:3)
  An entropy weaver (shapeshifter) (Lair:5)
  4 eleionomae
  11 dire elephants
  4 bunyips
  8 entropy weavers
  A purple draconian (Depths:4)
  5 spark wasps
  A deep elf demonologist (Vaults:1)
  The ghost of Oggein the Bludgeoner, a journeyman MyBe of Trog (Lair:3)
  A bunyip (shapeshifter) (Depths:3)
  2 yellow draconians (Depths:4)
  6 fire dragons
  A blizzard demon (Depths:1)
  3 jiangshi
  7 ettins
  A deep elf high priest (Vaults:1)
  A shambling mangrove (Swamp:4)
  2 crystal guardians
  8 yaktaur captains
  3 great orbs of eyes
  A quicksilver dragon zombie (Abyss:3)
  A rakshasa (Depths:1)
  3 peacekeepers
  12 vault guards
  7 spriggan air magi
  26 hydras
  A catoblepas (D:15)
  An ice dragon (Depths:1)
  A two-headed ogre (shapeshifter) (Vaults:3)
  6 boulder beetles
  An ogre mage (D:15)
  4 two-headed ogres
  A caustic shrike simulacrum (Depths:3)
  A hell beast (Depths:1)
  10 ironbound frosthearts
  5 centaur warriors
  2 radroaches
  A jorogumo (Spider:2)
  A death knight (D:14)
  12 alligators
  3 tengu warriors
  3 deep troll shamans
  4 deep troll earth magi
  5 spriggan berserkers
  2 vampire magi (Depths:2)
  5 thrashing horrors
  Sonja (Lair:3)
  10 spriggans
  A sun demon (Depths:2)
  5 hell knights (Vaults:3)
  A storm dragon zombie (Depths:3)
  A deep elf knight (Vaults:1)
  A storm dragon skeleton (Depths:3)
  A skeletal warrior (Vaults:2)
  2 wretched stars (Abyss:3)
  2 salamander mystics (Depths:4)
  A sun moth (Spider:4)
  3 iron trolls
  3 goliath frogs
  A quicksilver dragon simulacrum (Depths:3)
  6 steelbarb worms
  3 pharaoh ants
  48 deep trolls
  3 spriggan druids
  14 swamp dragons
  A glowing orange brain (Depths:3)
  10 orb spiders
  5 bog bodies
  19 ironbound convokers
  7 lindwurms
  An orc knight (Orc:2)
  Pikel (D:5)
  8 wizards
  A harpy (shapeshifter) (D:12)
  A deep elf zephyrmancer (Vaults:1)
  20 wolf spiders
  6 orc sorcerers
  4 deep elf pyromancers
  4 necromancers
  21 ugly things
  11 salamanders
  6 cyclopes
  An oklob plant (Abyss:3)
  8 manticores
  2 will-o-the-wisps
  2 moths of wrath
  An iron dragon skeleton (Depths:3)
  Maurice (D:9)
  2 black mambas
  A stone giant skeleton (Abyss:3)
  7 orange demons
  16 vault sentinels
  A fire giant skeleton (Depths:3)
  A titan simulacrum (Depths:3)
  A frost giant skeleton (Depths:3)
  A rust devil (Depths:3)
  5 torpor snails
  A gargoyle (D:12)
  An eye of devastation (D:13)
  6 cane toads
  Psyche (D:10)
  A smoke demon (Depths:2)
  9 demonic crawlers
  A komodo dragon (shapeshifter) (Lair:5)
  An unseen horror (D:11)
  A spark wasp simulacrum (Depths:3)
  An unseen horror (shapeshifter) (Abyss:3)
  A rime drake (shapeshifter) (Lair:5)
  18 yaktaurs
  An efreet (Abyss:3)
  3 kobold demonologists
  3 freezing wraiths (D:14)
  3 rime drakes
  10 komodo dragons
  An ice devil (Depths:3)
  A red devil (Depths:1)
  4 tengu conjurers
  4 ancient zymes
  A bloated husk (Swamp:1)
  19 hornets
  6 meliai
  A polar bear (shapeshifter) (Lair:5)
  A queen bee (shapeshifter) (D:13)
  4 trolls
  12 tyrant leeches
  A merfolk (D:13)
  5 polar bears
  Prince Ribbit (D:5)
  4 raiju (Abyss:3)
  28 blink frogs
  A tyrant leech (shapeshifter) (Depths:3)
  27 tarantellas
  48 slime creatures
  A snapping turtle (D:13)
  2 dire elephant simulacra (Lair:4)
  27 jumping spiders
  25 culicivoras
  2 flying skulls
  A centaur simulacrum (D:12)
  Sigmund (D:6)
  A vampire (D:13)
  3 ynoxinuls
  3 wyverns
  2 wraiths
  6 hogs
  6 basilisks
  2 water elementals (Depths:4)
  41 yaks
  Grum (D:8)
  2 chaos spawn
  A neqoxec (Depths:1)
  3 large abominations
  3 steam dragons
  2 steam dragons (shapeshifter)
  55 redbacks
  17 small abominations
  A redback (shapeshifter) (Lair:5)
  Edmund (D:5)
  A harpy simulacrum (Lair:4)
  8 vampire mosquitoes
  23 swamp worms
  A glowing shapeshifter zombie (Depths:3)
  An acid dragon (D:14)
  6 wargs
  8 water moccasins
  A floating eye (shapeshifter) (D:15)
  A hornet zombie (D:6)
  10 swamp drakes
  23 orc warriors
  2 ice beasts
  8 black bears
  11 starcursed masses (Abyss:3)
  A sky beast (D:8)
  11 ogres
  8 centaurs
  9 wolves
  A lemure (D:5)
  A phantom (D:5)
  5 kobold brigands
  A necrophage (D:7)
  13 bullfrogs
  2 gnoll sergeants
  A two-headed ogre simulacrum (Lair:4)
  7 scorpions
  A water moccasin zombie (D:6)
  5 wights (D:5)
  17 killer bees
  2 electric eels
  4 howler monkeys
  3 bullfrog zombies (D:6)
  A centaur zombie (D:6)
  7 jellies
  Crazy Yiuf (D:3)
  3 hounds
  16 orc priests
  7 hell rats (Lair:3)
  An iguana (D:7)
  44 orc wizards
  A spriggan simulacrum (Lair:4)
  6 adders
  15 gnolls
  2 shadow imps
  A white imp (Lair:4)
  An ufetubus (Vaults:3)
  2 worms (D:2)
  2 dart slugs
  95 orcs
  5 ball pythons
  7 endoplasms
  A giant cockroach (D:2)
  9 hobgoblins
  4 jackals (D:4)
  2 quokkas
  4 bats
  6 frilled lizards
  7 goblins
  25 kobolds
  6 rats
  4 starspawn tentacles (Abyss:3)
1592 creatures vanquished.

Vanquished Creatures (collateral kills)
  A jorogumo (Spider:4)
  A sun moth (Spider:4)
  2 wolf spiders (Spider:4)
  2 jumping spiders (Spider:1)
6 creatures vanquished.

Vanquished Creatures (others)
  A juggernaut simulacrum (Depths:3)
  2 vault sentinels (Vaults:4)
  A spark wasp simulacrum (Depths:3)
  8 yaktaurs (Vaults:4)
  3 bloated husks
  A tarantella (Spider:2)
  A human (Swamp:2)
  3 ball lightnings (Vaults:3)
  A demonic plant (Abyss:3)
  6 foxfires
  19 fungi
  30 plants
  14 starspawn tentacles (Abyss:3)
  4 withered plants (Vaults:4)
94 creatures vanquished.

Grand Total: 1692 creatures vanquished

Notes
Turn   | Place    | Note
-------+----------+-------------------------------------------
     0 | D:1      | nucleargodhead the Minotaur Berserker began the quest for
                  | the Orb.
     0 | D:1      | Reached XP level 1. HP: 19/19 MP: 0/0
   341 | D:1      | Reached XP level 2. HP: 27/27 MP: 1/1
   666 | D:1      | Found a faded altar of an unknown god.
  1147 | D:2      | Reached XP level 3. HP: 22/34 MP: 2/2
  1162 | D:2      | Reached ** piety under Trog
  1163 | D:2      | Reached XP level 4. HP: 6/41 MP: 3/3
  1576 | D:2      | Reached skill level 5 in Long Blades
  2094 | D:2      | Reached skill level 1 in Stealth
  2306 | D:3      | Reached skill level 5 in Fighting
  2362 | D:3      | Reached XP level 5. HP: 48/48 MP: 4/4
  2570 | D:3      | Found Ceisef's Armour Shop.
  2717 | D:3      | Found a runed translucent door.
  2718 | D:3      | Noticed Crazy Yiuf
  2782 | D:3      | Found a sparkling altar of Nemelex Xobeh.
  2784 | D:3      | Found an ornate altar of the Wu Jian Council.
  3066 | D:3      | Killed Crazy Yiuf
  3260 | D:4      | Noticed a black bear
  3271 | D:4      | Killed a black bear
  3272 | D:4      | Reached XP level 6. HP: 57/57 MP: 5/5
  4070 | D:4      | Noticed a steam dragon
  4072 | D:4      | Identified the +5 quarterstaff of Misery {venom, Str+6}
  4074 | D:4      | Reached XP level 7. HP: 56/63 MP: 6/6
  4082 | D:4      | Killed a steam dragon
  4283 | D:4      | Found an ancient bone altar of Kikubaaqudgha.
  4283 | D:4      | Found a shimmering altar of Xom.
  4380 | D:4      | Reached *** piety under Trog
  4527 | D:4      | Found the +7 staff of the Meek {protect, meekguard}
  4610 | D:5      | Entered Level 5 of the Dungeon
  4621 | D:5      | Reached skill level 1 in Staves
  4736 | D:5      | Found the +8 demon blade "Leech" {vamp, Harm Drain rN+}
  4770 | D:5      | Identified the ring of Rodwysko {rC+ EV+4}
  4817 | D:5      | Noticed Edmund
  4822 | D:5      | Killed Edmund
  5006 | D:5      | Reached XP level 8. HP: 73/73 MP: 7/7
  5021 | D:5      | Reached skill level 5 in Staves
  5208 | D:5      | Noticed Prince Ribbit
  5213 | D:5      | Killed Prince Ribbit
  5261 | D:5      | Noticed Pikel
  5267 | D:5      | Killed Pikel
  5590 | D:5      | Found a hide-covered altar of Uskayaw.
  5598 | D:5      | Reached XP level 9. HP: 83/83 MP: 8/8
  6091 | D:6      | Noticed a two-headed ogre
  6098 | D:6      | Killed a two-headed ogre
  6099 | D:6      | Reached skill level 10 in Fighting
  6099 | D:6      | Reached skill level 10 in Staves
  6351 | D:6      | Noticed Sigmund
  6368 | D:6      | Found a basalt altar of Yredelemnul.
  6371 | D:6      | Killed Sigmund
  6452 | D:6      | Found a broken altar of Ashenzari.
  6465 | D:6      | Found a radiant altar of Vehumet.
  6494 | D:6      | Found a blossoming altar of Fedhas.
  6499 | D:6      | Reached XP level 10. HP: 92/94 MP: 9/9
  7157 | D:7      | Found a staircase to the Ecumenical Temple.
  7189 | D:7      | Reached **** piety under Trog
  7931 | D:8      | Found a transporter.
  7935 | D:8      | Found a transporter.
  7944 | D:8      | Noticed Grum
  7962 | D:8      | Killed Grum
  8212 | D:8      | Found a transporter.
  8213 | D:8      | Found a transporter.
  8308 | D:8      | Found a transporter.
  8311 | D:8      | Found a transporter.
  8386 | D:8      | Found a staircase to the Lair.
  8714 | D:8      | Found a shadowy altar of Dithmenos.
  9283 | D:9      | Noticed Maurice
  9289 | D:9      | Killed Maurice
  9427 | Lair:1   | Entered Level 1 of the Lair of Beasts
  9483 | Lair:1   | Noticed a cane toad
  9488 | Lair:1   | Killed a cane toad
  9507 | Lair:1   | Noticed a seven-headed hydra
  9516 | Lair:1   | Killed a seven-headed hydra
  9517 | Lair:1   | Reached skill level 3 in Armour
  9517 | Lair:1   | Reached XP level 11. HP: 105/105 MP: 10/10
  9529 | Lair:1   | Reached skill level 4 in Armour
 10102 | Lair:1   | Reached skill level 5 in Armour
 10251 | Lair:1   | You fall into a shaft and drop 1 floor!
 10255 | Lair:2   | Noticed a four-headed hydra
 10518 | Lair:1   | Reached skill level 5 in Dodging
 10690 | Lair:1   | Found a blossoming altar of Fedhas.
 10692 | Lair:1   | Noticed an oklob plant
 10693 | Lair:1   | Noticed an oklob plant
 11073 | Lair:2   | Killed a four-headed hydra
 11074 | Lair:2   | Reached skill level 6 in Armour
 11863 | Lair:2   | Noticed a bog body
 11868 | Lair:2   | Noticed a bog body
 11875 | Lair:2   | Killed a bog body
 11876 | Lair:2   | Reached skill level 7 in Armour
 11877 | Lair:2   | Killed a bog body
 11970 | Lair:2   | Found a staircase to the Swamp.
 12272 | Lair:3   | Noticed a four-headed hydra
 12278 | Lair:3   | Killed a four-headed hydra
 12339 | Lair:3   | Noticed a seven-headed hydra
 12354 | Lair:3   | Killed a seven-headed hydra
 12355 | Lair:3   | Reached XP level 12. HP: 83/117 MP: 11/11
 12684 | Lair:3   | Found a hole to the Spider Nest.
 12693 | Lair:3   | Reached skill level 8 in Armour
 12793 | Lair:3   | Reached ***** piety under Trog
 13135 | Lair:3   | Found a runed translucent door.
 13135 | Lair:3   | Noticed Oggein's ghost (journeyman MyBe)
 13183 | Lair:3   | Noticed Sonja
 13188 | Lair:3   | Killed Sonja
 13605 | Lair:3   | Killed Oggein's ghost
 13606 | Lair:3   | Reached skill level 9 in Armour
 13719 | Lair:4   | Noticed a five-headed hydra
 13730 | Lair:4   | Killed a five-headed hydra
 13832 | Lair:4   | Reached skill level 15 in Fighting
 13906 | Lair:4   | Noticed a four-headed hydra
 13912 | Lair:4   | Killed a four-headed hydra
 14054 | Lair:4   | Received a gift from Trog
 14384 | Lair:4   | Reached skill level 10 in Armour
 14708 | Lair:5   | Entered Level 5 of the Lair of Beasts
 14788 | Lair:5   | Reached XP level 13. HP: 122/127 MP: 12/12
 14840 | Lair:5   | Found a runed translucent door.
 14840 | Lair:5   | Found a viscous altar of Jiyva.
 14841 | Lair:5   | Found a staircase to the Slime Pits.
 14949 | Lair:5   | Found a runed translucent gate.
 14949 | Lair:5   | Found a runed translucent gate.
 14949 | Lair:5   | Found a runed translucent gate.
 14950 | Lair:5   | Noticed Qatuann's ghost (journeyman TrBe)
 14957 | Lair:5   | Reached skill level 10 in Dodging
 15051 | Lair:5   | Reached skill level 11 in Armour
 16086 | Lair:5   | Received a gift from Trog
 16171 | Lair:5   | Noticed an entropy weaver
 16179 | Lair:5   | Killed an entropy weaver
 16180 | Lair:5   | Reached skill level 12 in Armour
 16396 | Lair:5   | Found a corrupted altar of Lugonu.
 16396 | Lair:5   | Found a one-way gate to the infinite horrors of the Abyss.
 16757 | D:10     | Entered Level 10 of the Dungeon
 16854 | D:10     | Noticed Psyche
 16866 | D:10     | Found Gaolis's Self-Improvement Boutique.
 16908 | D:10     | Paralysed by a hornet for 3 turns
 16926 | D:10     | Killed Psyche
 17203 | D:10     | Found an iron altar of Okawaru.
 17750 | D:11     | Found a staircase to the Orcish Mines.
 18082 | D:11     | Reached XP level 14. HP: 138/140 MP: 13/13
 18101 | D:11     | Reached skill level 13 in Armour
 18123 | D:11     | Received a gift from Trog
 18453 | D:11     | Found a shimmering altar of Xom.
 18663 | Orc:1    | Entered Level 1 of the Orcish Mines
 18876 | Orc:2    | Entered Level 2 of the Orcish Mines
 18899 | Orc:2    | Found a staircase to the Elven Halls.
 18941 | Orc:2    | Reached ****** piety under Trog
 19575 | Orc:2    | Received a gift from Trog
 19637 | Orc:2    | Found Hirhar's Assorted Antiques.
 19686 | Orc:2    | Found Xunuekam's Assorted Antiques.
 19714 | Orc:2    | Bought a scroll of identify for 48 gold pieces
 19789 | Orc:2    | Found Qoarhe's Distillery.
 19811 | Orc:2    | Found Utymal's Antique Armour Shoppe.
 20244 | D:12     | Found a large runed translucent door.
 20244 | D:12     | Found a large runed translucent door.
 20248 | D:12     | Noticed Efal Ser's ghost (journeyman TeCj)
 20248 | D:12     | Found the +12 glaive of Prune {vorpal}
 20815 | D:12     | Killed Efal Ser's ghost
 20904 | D:13     | Reached skill level 1 in Polearms
 20971 | D:13     | Received a gift from Trog
 21298 | D:13     | Reached skill level 5 in Polearms
 21795 | D:13     | Found a gate to the Vaults.
 22000 | D:14     | Noticed Jorgrun
 22020 | D:14     | Killed Jorgrun
 22160 | D:14     | Found a sacrificial altar of Ru.
 22300 | D:14     | Found Pemahoi's Distillery.
 22305 | D:14     | Bought a potion of heal wounds for 70 gold pieces
 22787 | D:14     | Reached skill level 10 in Polearms
 22793 | D:14     | Reached XP level 15. HP: 85/149 MP: 14/14
 23024 | D:15     | Entered Level 15 of the Dungeon
 23132 | D:15     | Found a staircase to the Depths.
 23763 | D:15     | Noticed Roxanne
 24516 | Spider:1 | Entered Level 1 of the Spider Nest
 24702 | Spider:1 | Received a gift from Trog
 25903 | Spider:2 | Reached skill level 15 in Polearms
 25907 | Spider:2 | Noticed Louise
 25921 | Spider:1 | Killed Louise
 26014 | Spider:2 | Received a gift from Trog
 26234 | Spider:2 | Noticed Arachne
 26380 | Spider:2 | Killed Arachne
 27382 | Spider:3 | Noticed an emperor scorpion
 27402 | Spider:3 | Killed an emperor scorpion
 27403 | Spider:3 | Reached XP level 16. HP: 80/157 MP: 15/15
 27577 | Spider:3 | Noticed Aizul
 27609 | Spider:2 | Killed Aizul
 28181 | Spider:3 | Identified the +7 rapier of Qoure {venom, *Slow rC- rN+
                  | Str+5}
 28401 | Spider:3 | Received a gift from Trog
 28763 | Spider:4 | Entered Level 4 of the Spider Nest
 28797 | Spider:4 | Reached skill level 14 in Armour
 30899 | Spider:4 | Reached skill level 15 in Armour
 31799 | Spider:4 | Identified the +1 hat of Baldness {rElec Will+ rCorr}
 31933 | Spider:4 | Got a gossamer rune of Zot
 32258 | Swamp:1  | Entered Level 1 of the Swamp
 32261 | Swamp:1  | Reached XP level 17. HP: 164/168 MP: 16/16
 32838 | Swamp:2  | Received a gift from Trog
 32980 | Swamp:2  | Noticed Kirke
 33032 | Swamp:2  | Killed Kirke
 33033 | Swamp:2  | Reached skill level 16 in Armour
 33671 | Swamp:3  | Reached skill level 15 in Dodging
 34083 | Swamp:3  | Noticed Bai Suzhen
 34110 | Swamp:3  | Killed Bai Suzhen
 34526 | Swamp:4  | Entered Level 4 of the Swamp
 34580 | Swamp:4  | Received a gift from Trog
 34751 | Swamp:4  | Found a transporter.
 34753 | Swamp:4  | Noticed GloriousHammer's ghost (journeyman FeSu)
 34767 | Swamp:4  | Reached skill level 17 in Armour
 34949 | Swamp:4  | Found a transporter.
 35640 | Swamp:4  | Noticed the 27-headed Lernaean hydra
 36083 | Swamp:4  | Got a decaying rune of Zot
 36483 | Vaults:1 | Entered Level 1 of the Vaults
 36558 | D:13     | Reached XP level 18. HP: 176/178 MP: 17/17
 37300 | Vaults:1 | Reached skill level 18 in Armour
 37435 | Vaults:1 | Identified the +5 arbalest of Iwack {penet, rElec Str+3}
 37794 | Vaults:1 | Received a gift from Trog
 38537 | Vaults:1 | Noticed Zenata
 38623 | Vaults:1 | Killed Zenata
 38792 | Vaults:1 | Reached skill level 19 in Armour
 39587 | Vaults:1 | Received a gift from Trog
 39668 | Vaults:2 | Noticed Mennas
 39700 | Vaults:2 | Killed Mennas
 40077 | Vaults:2 | Reached XP level 19. HP: 188/188 MP: 18/18
 40135 | Vaults:2 | Upgraded the game from 0.29-a0-1023-g6ae1a4a2c7 to
                  | 0.29-a0-1027-gcd8c55af63
 40136 | Vaults:2 | Found a staircase to the Crypt.
 40347 | Vaults:2 | Noticed Jory
 40368 | Vaults:1 | Killed Jory
 40578 | Vaults:2 | Reached skill level 20 in Armour
 40757 | Vaults:2 | Noticed Asterion
 40780 | Vaults:2 | Killed Asterion
 41208 | Vaults:3 | Received a gift from Trog
 41427 | Vaults:3 | Found Plog's Assorted Antiques.
 41814 | Vaults:3 | Received a gift from Trog
 41876 | Vaults:3 | Found Inej's Weapon Boutique.
 42200 | Vaults:3 | Noticed Donald
 42227 | Vaults:3 | Noticed Sojobo
 42241 | Vaults:3 | Paralysed by an air elemental for 1 turns
 42247 | Vaults:3 | Paralysed by an air elemental for 1 turns
 42309 | Vaults:4 | Found a flickering gateway to a bazaar.
 42319 | Bazaar   | Entered a bazaar
 42364 | Bazaar   | Found Eghoci's Jewellery Boutique.
 42386 | Bazaar   | Found Yhaofufa's Book Emporium.
 42407 | Bazaar   | Found Leceteyr's Weapon Boutique.
 42427 | Bazaar   | Found Zoyrij's Antique Weapon Shoppe.
 42460 | Bazaar   | Bought a +4 ring of slaying for 624 gold pieces
 42475 | Bazaar   | Bought a pitted great sword for 195 gold pieces
 42475 | Bazaar   | Identified the +8 great sword of the Evening {antimagic,
                  | rPois} (You bought it in a shop in a bazaar)
 42543 | Vaults:4 | Reached skill level 21 in Armour
 42546 | Vaults:4 | Killed Donald
 42984 | Vaults:3 | Found Ziaroush's Distillery.
 43009 | Vaults:3 | Bought a potion of haste for 130 gold pieces
 43009 | Vaults:3 | Bought a potion of haste for 130 gold pieces
 43157 | Vaults:3 | Killed Sojobo
 43221 | Vaults:3 | Found Wesu's Magic Scroll Shop.
 43228 | Vaults:3 | Bought 2 scrolls of teleportation for 120 gold pieces
 43228 | Vaults:3 | Bought a scroll of teleportation for 60 gold pieces
 43228 | Vaults:3 | Bought a scroll of silence for 190 gold pieces
 43301 | Vaults:3 | Found a runed translucent gate.
 43301 | Vaults:3 | Found a runed translucent gate.
 43301 | Vaults:3 | Found a runed translucent gate.
 43302 | Vaults:3 | Noticed Bigikkih's ghost (veteran MiGl)
 43302 | Vaults:3 | Noticed Oleugihi's ghost (adept BaWr)
 43514 | Vaults:3 | Killed Bigikkih's ghost
 43524 | Vaults:3 | Killed Oleugihi's ghost
 43875 | Vaults:4 | Received a gift from Trog
 43901 | Vaults:4 | Identified the +1 leather armour of Unbearable Beauty
                  | {rElec rC++ Slay-2 SInv}
 43933 | Vaults:4 | Reached XP level 20. HP: 199/199 MP: 19/19
 44025 | Vaults:4 | Identified the +4 plate armour of Bad Feelings {Regen+
                  | Slay+3 SInv}
 44079 | Vaults:4 | Paralysed by a sphinx for 3 turns
 44457 | Vaults:4 | Found a runed translucent gate.
 44457 | Vaults:4 | Found a runed translucent gate.
 44457 | Vaults:4 | Found a runed translucent gate.
 44458 | Vaults:4 | Noticed Mycling's ghost (veteran DsFi)
 44458 | Vaults:4 | Noticed Irilyjoq's ghost (legendary FoFi)
 44909 | Vaults:4 | Received a gift from Trog
 44910 | Vaults:4 | Reached skill level 22 in Armour
 45141 | Vaults:4 | Killed Mycling's ghost
 45304 | Vaults:4 | Killed Irilyjoq's ghost
 45593 | Depths:1 | Entered Level 1 of the Depths
 45605 | Depths:1 | Gained mutation: You have a somewhat thin skeletal
                  | structure. (Dex +2, Stealth+) [a neqoxec]
 45609 | Depths:1 | Found a one-way gate leading to the halls of Pandemonium.
 45825 | Depths:1 | Found a gateway to Hell.
 46684 | Depths:2 | Found a runed translucent gate.
 46684 | Depths:2 | Found a runed translucent gate.
 46684 | Depths:2 | Found a runed translucent gate.
 46963 | Depths:2 | Noticed a golden dragon
 46963 | Depths:2 | Noticed a caustic shrike
 46973 | Depths:2 | Killed a caustic shrike
 46976 | Depths:2 | Killed a golden dragon
 47027 | Depths:2 | Noticed a golden dragon
 47030 | Depths:2 | Killed a golden dragon
 47031 | Depths:2 | Reached skill level 23 in Armour
 47227 | Depths:2 | Identified the amulet of the Nine Prophets {+Blink rElec
                  | rPois Regen+ Slay-6}
 47455 | Depths:2 | Noticed Sigur's ghost (adept FeVM)
 47456 | Depths:2 | Noticed an ancient lich
 47526 | Depths:2 | Found Uczic's Neck Hole.
 47531 | Depths:2 | Reached XP level 21. HP: 174/209 MP: 20/20
 48079 | Depths:3 | Received a gift from Trog
 48235 | Depths:3 | Noticed Saint Roka
 48244 | Depths:3 | Killed Saint Roka
 48715 | Depths:3 | Identified the ring of Boukos {Ice Slay+4}
 48715 | Depths:3 | Noticed Josephina
 48923 | Depths:3 | Killed Josephina
 49056 | Depths:3 | Received a gift from Trog
 49070 | Depths:3 | Noticed a caustic shrike
 49071 | Depths:3 | Noticed a caustic shrike
 49072 | Depths:3 | Noticed a caustic shrike
 49078 | Depths:3 | Killed a caustic shrike
 49085 | Depths:3 | Killed a caustic shrike
 49089 | Depths:3 | Killed a caustic shrike
 49090 | Depths:3 | Reached skill level 24 in Armour
 49267 | Depths:3 | Noticed a caustic shrike
 49268 | Depths:3 | Noticed a caustic shrike
 49273 | Depths:3 | Noticed a caustic shrike
 49293 | Depths:3 | Killed a caustic shrike
 49433 | Depths:3 | Noticed a caustic shrike
 49443 | Depths:3 | Killed a caustic shrike
 49445 | Depths:3 | Killed a caustic shrike
 49453 | Depths:3 | Killed a caustic shrike
 49772 | Depths:3 | Noticed a golden dragon
 49867 | Depths:3 | Noticed a caustic shrike
 49877 | Depths:3 | Killed a caustic shrike
 49885 | Depths:3 | Noticed a caustic shrike
 49890 | Depths:3 | Noticed a caustic shrike
 49892 | Depths:3 | Noticed a caustic shrike
 49897 | Depths:3 | Killed a caustic shrike
 49901 | Depths:3 | Killed a caustic shrike
 49902 | Depths:3 | Killed a caustic shrike
 49940 | Depths:3 | Killed a golden dragon
 50028 | Depths:3 | Identified the +6 long sword of Golden Gallantry {protect,
                  | Int+4}
 50037 | Depths:3 | Noticed a caustic shrike
 50070 | Depths:3 | Killed a caustic shrike
 50090 | Depths:3 | Noticed a juggernaut
 50098 | Depths:3 | Received a gift from Trog
 50099 | Depths:3 | Reached XP level 22. HP: 220/220 MP: 21/21
 50118 | Depths:3 | Killed a juggernaut
 50405 | Depths:4 | Entered Level 4 of the Depths
 50593 | Depths:4 | Reached skill level 25 in Armour
 50766 | Depths:4 | Found a one-way gateway to a ziggurat.
 50766 | Depths:4 | Noticed a dread lich
 50766 | Depths:4 | Noticed a dread lich
 51191 | Depths:4 | Killed a dread lich
 51200 | Depths:4 | Killed a dread lich
 51482 | Depths:4 | Found a corrupted altar of Lugonu.
 51638 | Depths:4 | Found a gate to the Realm of Zot.
 52119 | Vaults:5 | Entered Level 5 of the Vaults
 52119 | Vaults:5 | Noticed Xtahua
 52123 | Vaults:5 | Noticed a dread lich
 52133 | Vaults:5 | Killed a dread lich
 52163 | Abyss:3  | Cast into level 3 of the Abyss (a deep elf sorcerer)
 52238 | Abyss:3  | Received a gift from Trog
 52401 | Abyss:3  | Got an abyssal rune of Zot
 52407 | Abyss:3  | Paralysed by accursed screaming for 1 turns
 52412 | Abyss:3  | Paralysed by accursed screaming for 2 turns
 52413 | Abyss:3  | HP: 7/265 [starcursed mass/accursed screaming (7)]
 52418 | Abyss:3  | HP: 10/265 [starflower (4)]
 52422 | Abyss:3  | Mangled by a starflower

Illustrated notes

Levels and vault maps discovered:
D:1:      grunt_arrival_lava_bath, layout_loops_corners, basic_ecumenical_altar
D:2:      layout_rooms, minmay_pentomino_t4
D:3:      layout_rooms, mainiacjoe_overflow_catwalk_spiral, serial_shops,
          nicolae_shop_statue_plus, minmay_cut_off, uniq_crazy_yiuf_cottage
D:4:      layout_loops_ring, jmf_multi_god_temple, pf_guarded_unrand_meek
D:5:      layout_loops_ring, mainiacjoe_overflow_paths,
          kennysheep_generic_room_8, uniq_pikel, uniq_prince_ribbit1,
          uniq_edmund
D:6:      layout_gridville, overflow_temple_1_default, fedhas_ov_isle_minmay,
          nicolae_yredelemnul_corpse_copse, vehumet_statue, minmay_manual_mares,
          uniq_sigmund
D:7:      layout_basic, minmay_temple_entry_sparse_star, minmay_misc_feat_tower
D:8:      layout_basic, mainiacjoe_overflow_boulevard,
          grunt_lair_entry_orc_guard_hut, serial_nicolae_subway,
          nicolae_sub_station_crystal, nicolae_sub_station_stone,
          nicolae_sub_station_metal, uniq_grum
D:9:      layout_roguey, uniq_maurice
D:10:     kennysheep_blocky_hall, layout_basic, lemuel_coloured_pillars_altar,
          nicolae_shop_self_help, uniq_psyche
D:11:     layout_small_grid, erik_orc_2, tgw_xom
D:12:     layout_roguey, ebering_ghost_disaster_area
D:13:     layout_basic, david_vaults_5, st_stairs_10
D:14:     layout_basic, nicolae_ru_sacrificial_ziggurat, serial_shops, shop,
          einodemon_barbed_minivault, uniq_jorgrun
D:15:     hangedman_depths_entry_try_elsewhere_first, layout_cave_pods,
          chequers_jeans, uniq_roxanne
Lair:1:   layout_chaotic_city, hangedman_tree_tricks, serial_bayou_shore_b
Lair:2:   layout_regular_city, nicolae_swamp_entry_splash_gauntlet
Lair:3:   layout_cave_pods, spider_nest_entry_funnel_web,
          hellmonk_ghost_happy_afterlife, patterned_corridor, uniq_sonja
Lair:4:   dreamdust_isle_of_ice, layout_loops_ring
Lair:5:   hellmonk_lair_end_abyssal_woods, layout_hall_layers, slime_entry_2,
          ebering_ghost_rock_garden, lemuel_fruit_tree
Swamp:1:  layout_falls_marsh, nicolae_swamp_round_clearing,
          nicolae_swamp_tree_designs
Swamp:2:  layout_falls_marsh, infiniplex_staircase_pool_2,
          hangedman_swamp_wriggling, uniq_kirke
Swamp:3:  layout_falls_marsh, evilmike_swamp_ruin_rubble_1, uniq_bai_suzhen
Swamp:4:  swamp_old_school, layout_basic_swamp, gammafunk_ghost_mausoleum,
          swamp_pool4
Spider:1: layout_spider_delve
Spider:2: layout_spider_delve, nicolae_spider_cling_halls, uniq_arachne,
          uniq_louise
Spider:3: layout_cave_pods, uniq_aizul
Spider:4: spider_rune_water
Orc:1:    layout_caves
Orc:2:    st_orc_town, layout_caves
Vaults:1: hangedman_vaults_maws, v_misc_28, v_misc_33,
          nicolae_vaults_fighting_squares, nicolae_vaults_circle_grid_a,
          v_misc_30, ontoclasm_vaults_bender, nicolae_vaults_yaktaur_gun_rack,
          nicolae_vaults_ninety_degrees, vaults_room_hallway,
          layout_vaults_maze_snakey, uniq_zenata
Vaults:2: hangedman_vaults_impose, vaults_room_hallway,
          nicolae_vaults_hallways_thing, nicolae_vaults_network_square,
          minmay_crypt_entry_simple_corners, ontoclasm_vaults_gallery,
          hangedman_vaults_corner, vaults_dpeg_hooks, vaults_room_door_hall,
          dpeg_vaults_monster_box, layout_vaults_quadrants, uniq_jory,
          uniq_mennas, uniq_asterion
Vaults:3: gammafunk_ghost_cemetery, ontoclasm_vaults_misaligned,
          vaults_room_ringed_pool, ontoclasm_vaults_idyll,
          nicolae_vaults_ring_of_whatevers, v_alt_pattern_6,
          nicolae_vaults_octagons, v_misc_2, vaults_dpeg_doors, v_misc_23,
          v_misc_23, vaults_dpeg_emergency_exit,
          vaults_room_grunt_arrival_ludios, serial_ice_g,
          layout_vaults_omnicross, serial_shops, nicolae_shop_statue_plus,
          shop_fountains, shop, shop, uniq_donald, uniq_sojobo
Vaults:4: gammafunk_ghost_cemetery, nicolae_vaults_network_barrier,
          nicolae_vaults_little_squares_2, v_rooms_2, nicolae_vaults_asterisk,
          nicolae_vaults_alarming, v_rooms_5, v_rooms_5,
          vaults_standard_mumra_enter_the_diamond, vaults_mumra_chevron_long,
          st_spiral_rooms, layout_vaults_omnibox, serial_shops, freezing_bzr
Vaults:5: serial_shops, uniq_xtahua
Depths:1: layout_gridlike, abyss_entry, serial_sigils,
          serial_sigils_hangedman_clutch, serial_sigils_hangedman_gut,
          serial_sigils_hangedman_shear, serial_sigils_hangedman_etch,
          serial_sigils_hangedman_snap, hangedman_coc_ice_floe,
          rand_demon_pan_entry_7, eino_tiny_chamber
Depths:2: cheibrodos_leafed_vault, layout_honeycomb, lightli_too_deep,
          gammafunk_ghost_necromancy, pan_entry,
          nicolae_shop_sticking_my_neck_out
Depths:3: grunt_bent_corner, layout_twisted_cross, hell_entry,
          roderic_lattice_octagonal_star, hangedman_abyss_entry_splay,
          rand_demon_pan_entry_8, infiniplex_staircase_zigzag_2,
          uniq_saint_roka, uniq_josephina
Depths:4: evilmike_zot_entry_basic, layout_basic, enter_ziggurat_c,
          serial_bayou, serial_bayou_crossing, serial_bayou_pond_d,
          serial_bayou_pond_e, serial_bayou_shore_b, pf_hell_entry_tar_river,
          ebering_dispersal_statue_hall, serial_shops,
          nicolae_shop_hallway_stairs, abyss_entry_flame_altar
Abyss:3:  base: D:13, serial_sigils_hangedman_quiver,
          serial_sigils_hangedman_quiver, evilmike_abyss_exit_chaos,
          evilmike_abyss_exit_chaos, hangedman_abyss_feature_spike,
          spicy_pingpong_abyss_rune, spicy_pingpong_abyss_rune,
          evilmike_abyss_exit_plants, evilmike_abyss_exit_12

Skill      XL: |  1  2  3  4  5  6  7  8  9 10 11 12 13 14 15 16 17 18 19 20 21 22 |
---------------+-------------------------------------------------------------------+-----
Fighting       | 4 5 6 7 9 10 12 14 15 17 19 20 21 22 23 | 23.8
Long Blades    | 4 5 6 7 |  7.9
Stealth        | 1 2 |  2.4
Staves         | 4 8 11 14 | 14.0
Armour         | 3 7 10 12 13 15 17 19 21 23 24 25 | 25.7
Dodging        | 3 7 9 11 12 14 16 18 19 21 22 23 | 23.8
Polearms       | 10 16 18 | 18.2

Action                   |  1- 3 |  4- 6 |  7- 9 | 10-12 | 13-15 | 16-18 | 19-21 | 22-24 || total
-------------------------+-------+-------+-------+-------+-------+-------+-------+-------++-------
Melee: Falchion          |    58 |   126 |    15 |       |       |       |       |       ||   199
       Headbutt          |    11 |    24 |    21 |    88 |   296 |   302 |   282 |    72 ||  1096
       Punch             |       |     5 |       |       |       |       |       |       ||     5
       Quarterstaff      |       |       |   100 |   482 |  1248 |   217 |       |       ||  2047
       Glaive            |       |       |       |       |       |  1014 |  1226 |   311 ||  2551
       Lajatang          |       |       |       |       |       |    16 |       |       ||    16
Throw: Throwing net      |       |       |       |       |     2 |     1 |     1 |       ||     4
Invok: Berserk           |     1 |     3 |     1 |    10 |     8 |    12 |    19 |     3 ||    57
       Trog's Hand       |       |       |     1 |     1 |     8 |     3 |     6 |     1 ||    20
       Brothers in Arms  |       |       |       |       |     1 |     1 |       |     1 ||     3
Evoke: Wand              |       |       |       |     5 |    10 |    10 |       |     1 ||    26
  Use: Scroll            |       |       |       |    15 |    12 |    18 |     9 |     4 ||    58
       Potion            |       |       |       |       |     3 |     2 |     1 |     3 ||     9
 Stab: Sleeping          |     1 |     3 |       |       |       |       |       |       ||     4
       Paralysed         |       |       |       |     3 |       |       |       |       ||     3
       Distracted        |       |       |       |       |       |     1 |     1 |       ||     2
Armor: Animal skin       |     3 |     2 |       |       |       |       |       |       ||     5
       Scale mail        |       |    38 |    12 |       |       |       |       |       ||    50
       Chain mail        |       |       |    32 |   125 |   642 |    54 |       |       ||   853
       Crystal plate arm |       |       |       |       |       |   952 |   283 |       ||  1235
       Plate armour      |       |       |       |       |       |       |   225 |   134 ||   359
Dodge: Dodged            |    35 |    64 |    65 |   264 |   922 |   592 |   552 |   159 ||  2653
       Repelled          |       |       |       |     5 |    24 |    14 |    14 |    10 ||    67

Table legend: (Time is in decaauts)
 A = Elapsed time spent in this place.
 B = Non-inter-level travel time spent in this place.
 C = Inter-level travel time spent in this place.
 D = Time resting spent in this place.
 E = Time spent auto-exploring this place.
 F = Levels seen in this place.
 G = Mean time per level.
                   A        B        C        D        E       F      G
               +--------+--------+--------+--------+--------+-----+--------+
         Total |  51891 |  48767 |   3124 |  13146 |  24837 |  41 | 1265.6 |
       Dungeon |  16584 |  15360 |   1224 |   2748 |  10317 |  15 | 1105.6 |
          Lair |   7518 |   7041 |    477 |   2346 |   3409 |   5 | 1503.6 |
         Swamp |   4115 |   3948 |    167 |   1016 |   1818 |   4 | 1028.8 |
   Spider Nest |   7483 |   7213 |    270 |   3079 |   2209 |   4 | 1870.8 |
  Orcish Mines |   1316 |   1238 |     78 |     65 |    822 |   2 |  658.0 |
        Vaults |   8294 |   7749 |    545 |   2284 |   3537 |   5 | 1658.8 |
        Depths |   6159 |   5798 |    361 |   1536 |   2646 |   4 | 1539.8 |
         Abyss |    234 |    234 |      0 |     29 |      0 |   1 |  234.0 |
        Bazaar |    184 |    184 |      0 |     41 |     77 |   1 |  184.0 |
               +--------+--------+--------+--------+--------+-----+--------+

Top non-repeatable levels by time:
Spider:4: 3329 daAuts
Vaults:1: 2703 daAuts
Depths:3: 2160 daAuts
Vaults:3: 2015 daAuts
Depths:2: 1970 daAuts
Vaults:4: 1893 daAuts
  Lair:5: 1802 daAuts
    D:13: 1785 daAuts
  Lair:2: 1735 daAuts
Vaults:2: 1655 daAuts
Spider:3: 1494 daAuts
 Swamp:4: 1474 daAuts
Spider:1: 1468 daAuts
  Lair:3: 1467 daAuts
     D:5: 1463 daAuts
